 Dungeon Crawl Stone Soup version 0.31.0 (webtiles) character file.

Game seed: 5076927155520692485

1166 qw the Skirmisher (level 8, -2/49 HPs)
             Began as a Gargoyle Hunter on Jan 19, 2024.
             Was a Follower of Okawaru.
             Slain by a killer bee (6 damage)
             ... on level 6 of the Dungeon.
             The game lasted 00:00:24 (4468 turns).

qw the Skirmisher (Gargoyle Hunter)                 Turns: 4468, Time: 00:00:25

Health: -2/49      AC: 11    Str: 14    XL:     8   Next: 40%
Magic:  9/9        EV: 13    Int: 11    God:    Okawaru [*.....]
Gold:   213        SH:  0    Dex: 15    Spells: 7/7 levels left

rFire   . . .        a - +0 shortbow
rCold   . . .        (shield currently unavailable)
rNeg    + . .        d - +1 robe {Will+}
rPois   inf          (no helmet)
rElec   +            (no cloak)
rCorr   .            k - +2 pair of gloves
SInv    .            (no boots)
Will    +....        e - amulet of faith
Stlth   ++           (no ring)
HPRegen 0.28/turn    (no ring)
MPRegen 0.11/turn

%: faith
@: about to teleport
A: sickness immunity, AC +5, negative energy resistance 1, electricity
resistance, torment resistance 1, petrification resistance
a: Renounce Religion, Heroism


You were on level 6 of the Dungeon.
You worshipped Okawaru.
Okawaru was aware of your devotion.
You visited 2 branches of the dungeon, and saw 7 of its levels.

You collected 213 gold pieces.


Innate Abilities, Weirdness & Mutations

You are immune to sickness and miasma.
Your stone body is resilient. (AC +5)
You are immune to poison.
You resist negative energy. (rN+)
You are resistant to electric shocks. (rElec)
You are resistant to unholy torment.
You are immune to petrification.


   Skills:
 - Level 5.3 Fighting
 + Level 8.5 Ranged Weapons
 - Level 1.3 Armour
 - Level 2.9 Dodging
 - Level 1.1 Stealth
 + Level 2.5 Invocations


You had 7 spell levels left.
You didn't know any spells.
Your spell library was empty.

Inventory:

Hand Weapons
 a - a +0 shortbow (weapon)
Armour
 d - a +1 robe of willpower (worn)
 k - a +2 pair of gloves (worn)
 o - a +0 ring mail
Jewellery
 e - an amulet of faith (around neck)
 h - an amulet of reflection
Wands
 c - a wand of flame (9)
Scrolls
 g - 2 scrolls of teleportation
 j - a scroll of identify
Potions
 b - 4 potions of curing
 f - a potion of brilliance {unknown}
 i - a potion of enlightenment
 m - a potion of cancellation

Dungeon Overview and Level Annotations

Branches:
Dungeon (6/15)             Temple (1/1) D:4

Altars:
Ashenzari
Cheibriados
Dithmenos
Elyvilon
Fedhas
Gozag
Hepliaklqana
Kikubaaqudgha
Makhleb
Okawaru
Qazlal
Ru
Trog
Uskayaw
Vehumet
Wu Jian
Yredelemnul
Zin


Message History

The killer bee completely misses you.
The killer bee stings you but does no damage.
You shoot an arrow.
The arrow closely misses the killer bee.
The killer bee stings you! The killer bee closely misses you. x2
The killer bee stings you but does no damage.
You shoot an arrow. The arrow barely misses the killer bee.
The killer bee stings you but does no damage.
The killer bee barely misses you. The killer bee closely misses you.
The killer bee stings you but does no damage.
You shoot an arrow.
The arrow hits the killer bee but does no damage.
The killer bee stings you. The killer bee closely misses you.
4463 ||| RETREEEEATING.
The killer bee stings you. The killer bee stings you!
4464 ||| RETREEEEATING.
The killer bee attacks as it pursues you!
The killer bee barely misses you. The killer bee stings you!
The killer bee misses you.
You see here a +0 war axe.
4465 ||| RETREEEEATING.
The killer bee attacks as it pursues you!
The killer bee stings you.
The killer bee attacks as it pursues you!
The killer bee misses you. The killer bee stings you.
The killer bee closely misses you.
4466 ||| READING 3 scrolls of teleportation.
As you read the scroll of teleportation, it crumbles to dust.
You feel strangely unstable. The killer bee stings you!
The killer bee completely misses you. The killer bee closely misses you.
The killer bee stings you but does no damage.
4467 ||| RETREEEEATING.
The killer bee closely misses you.
The killer bee stings you but does no damage.
A sky beast comes into view.
4468 ||| RETREEEEATING.
An ice beast comes into view.
The killer bee barely misses you. The killer bee stings you.
You die...

###.#.#..<#
...#.#.#..##
.......##.#
..........# #####
.........####...#
...........|#...#
...#.....##.....#
#. #......###...#
#..#..@y..# #...#
#.....yy..###...#
##.............##
#..####)......#
....Y #.......#
Y#.. #......)# #.
##......#
#....yy........#
..........####


You could see an ice beast, a sky beast (wandering) and 3 killer bees.

Vanquished Creatures
  Grinder (D:4)
  Sigmund (D:3)
  Duvessa (D:4)
  A phantom (D:5)
  A scorpion (D:5)
  Dowan (D:4)
  2 killer bees (D:6)
  A hound (D:5)
  A jelly (D:6)
  A sleepcap (D:6)
  Terence (D:3)
  3 iguanas
  An orc wizard (D:5)
  3 gnolls (D:3)
  9 adders
  3 dart slugs
  4 ribbon worms
  12 orcs
  5 endoplasms
  2 giant cockroaches (D:2)
  8 goblins
  2 hobgoblins
  9 jackals
  4 quokkas
  6 ball pythons
  5 bats
  6 frilled lizards
  10 kobolds
  3 rats (D:1)
107 creatures vanquished.

Notes
Turn   | Place    | Note
-------+----------+-------------------------------------------
     0 | D:1      | qw the Gargoyle Hunter began the quest for the Orb.
     0 | D:1      | Reached XP level 1. HP: 12/12 MP: 1/1
     0 | D:1      | 0 ||| qw: Version: 0.3-a-132-g3d54051
     0 | D:1      | 0 ||| qw: Game counter: 394
     0 | D:1      | 0 ||| qw: Melee chars always use a shield: true
     0 | D:1      | 0 ||| qw: God list: Okawaru
     0 | D:1      | 0 ||| qw: Allow faded altars: false
     0 | D:1      | 0 ||| qw: Do Orc after clearing Dungeon:15 true
     0 | D:1      | 0 ||| qw: Do second Lair branch before Depths: true
     0 | D:1      | 0 ||| qw: Lair rune preference: random
     0 | D:1      | 0 ||| qw: Goals: Normal
     0 | D:1      | 0 ||| PLANNING D:1-11
    87 | D:1      | Reached XP level 2. HP: 17/17 MP: 2/2
   510 | D:1      | Reached XP level 3. HP: 21/21 MP: 3/3
   591 | D:1      | Reached skill level 5 in Ranged Weapons
   767 | D:1      | 767 ||| DROPPING amulet of magic regeneration.
   768 | D:1      | 768 ||| UPGRADING to amulet of reflection.
   773 | D:1      | 773 ||| READING scroll labelled ZOKEDGHU PETO.
   774 | D:1      | 774 ||| READING scroll labelled RIRPHU EN LAO.
   775 | D:1      | 775 ||| READING scroll labelled PODDUY BUEZUUWUS.
   776 | D:1      | 776 ||| DRINKING 2 sapphire potions.
   777 | D:1      | 777 ||| DROPPING scroll of butterflies.
  1049 | D:2      | Reached skill level 3 in Fighting
  1094 | D:2      | Reached XP level 4. HP: 25/28 MP: 4/4
  1097 | D:2      | 1097 ||| FLEEEEING.
  1355 | D:2      | 1355 ||| UPGRADING to +1 robe of willpower.
  1365 | D:2      | 1365 ||| DROPPING +0 leather armour.
  1366 | D:2      | 1366 ||| UPGRADING to +0 pair of gloves.
  1371 | D:2      | 1371 ||| UPGRADING to amulet of faith.
  1381 | D:2      | 1381 ||| READING 2 scrolls labelled JUESHR NIYTHAFU.
  1381 | D:2      | 1381 ||| IDENTIFYING purple potion
  1382 | D:2      | 1382 ||| READING scroll of identify.
  1382 | D:2      | 1382 ||| IDENTIFYING puce potion
  1383 | D:2      | 1383 ||| READING scroll labelled CEAXTUI KYWEI.
  1384 | D:2      | 1384 ||| READING 3 scrolls labelled YDASER WUUH.
  1388 | D:2      | 1388 ||| READING scroll labelled MUIS QOPPOMOL.
  1409 | D:3      | Noticed Sigmund
  1410 | D:3      | 1410 ||| RETREEEEATING.
  1414 | D:3      | 1414 ||| RETREEEEATING.
  1419 | D:3      | 1419 ||| RETREEEEATING.
  1426 | D:3      | HP: 5/28 [orc/+0 club (4)]
  1427 | D:3      | 1427 ||| READING 2 scrolls of teleportation.
  1432 | D:3      | 1432 ||| FLEEEEING.
  1438 | D:3      | 1438 ||| READING scroll of teleportation.
  1598 | D:3      | Killed Sigmund
  1599 | D:3      | Reached skill level 6 in Ranged Weapons
  1599 | D:3      | Reached XP level 5. HP: 32/32 MP: 5/5
  1599 | D:3      | Reached XP level 6. HP: 37/37 MP: 6/6
  1679 | D:3      | 1679 ||| FLEEEEING.
  1712 | D:3      | HP: 9/37 [gnoll/+0 halberd (6)]
  1713 | D:3      | 1713 ||| READING scroll of teleportation.
  1717 | D:3      | 1717 ||| FLEEEEING.
  2041 | D:3      | Noticed Terence
  2057 | D:3      | Killed Terence
  2058 | D:3      | 2058 ||| FLEEEEING.
  2064 | D:3      | 2064 ||| STAIRDANCE
  2088 | D:2      | 2088 ||| READING scroll labelled VODEIQ JAARPHY.
  2088 | D:2      | 2088 ||| ENCHANTING +0 pair of gloves.
  2089 | D:2      | 2089 ||| DRINKING 2 viscous emerald potions.
  2129 | D:2      | 2129 ||| DROPPING potion of lignification.
  2587 | D:3      | Reached skill level 7 in Ranged Weapons
  2609 | D:3      | Found a blossoming altar of Fedhas.
  2781 | D:4      | 2781 ||| READING scroll of enchant armour.
  2781 | D:4      | 2781 ||| ENCHANTING +1 pair of gloves.
  2890 | D:4      | Found a shadowy altar of Dithmenos.
  2892 | D:4      | Found an opulent altar of Gozag.
  2918 | D:4      | Noticed Dowan
  2921 | D:4      | Noticed Duvessa
  2921 | D:4      | 2921 ||| ZAPPING wand of flame (28) at 7,5 (Duvessa;
                  | floor).
  2922 | D:4      | 2922 ||| ZAPPING wand of flame (27) at 6,4 (Duvessa;
                  | floor).
  2923 | D:4      | 2923 ||| RETREEEEATING.
  2924 | D:4      | 2924 ||| ZAPPING wand of flame (26) at 3,3 (Duvessa;
                  | floor).
  2925 | D:4      | 2925 ||| RETREEEEATING.
  2926 | D:4      | 2926 ||| ZAPPING wand of flame (25) at 0,1 (Duvessa;
                  | floor).
  2927 | D:4      | 2927 ||| RETREEEEATING.
  2928 | D:4      | 2928 ||| ZAPPING wand of flame (24) at 0,1 (Duvessa;
                  | floor).
  2929 | D:4      | 2929 ||| ZAPPING wand of flame (23) at 0,1 (Duvessa;
                  | floor).
  2930 | D:4      | 2930 ||| ZAPPING wand of flame (22) at 0,1 (Duvessa;
                  | floor).
  2931 | D:4      | 2931 ||| ZAPPING wand of flame (21) at 0,1 (Duvessa;
                  | floor).
  2932 | D:4      | 2932 ||| ZAPPING wand of flame (20) at 0,1 (Duvessa;
                  | floor).
  2933 | D:4      | 2933 ||| ZAPPING wand of flame (19) at 0,1 (Duvessa;
                  | floor).
  2934 | D:4      | 2934 ||| ZAPPING wand of flame (18) at 0,1 (Duvessa;
                  | floor).
  2935 | D:4      | 2935 ||| ZAPPING wand of flame (17) at 0,1 (Duvessa;
                  | floor).
  2936 | D:4      | 2936 ||| ZAPPING wand of flame (16) at 0,1 (Duvessa;
                  | floor).
  2937 | D:4      | 2937 ||| ZAPPING wand of flame (15) at 0,1 (Duvessa;
                  | floor).
  2938 | D:4      | 2938 ||| ZAPPING wand of flame (14) at 0,1 (Duvessa;
                  | floor).
  2939 | D:4      | 2939 ||| ZAPPING wand of flame (13) at 0,1 (Duvessa;
                  | floor).
  2940 | D:4      | 2940 ||| ZAPPING wand of flame (12) at 0,1 (Duvessa;
                  | floor).
  2941 | D:4      | 2941 ||| ZAPPING wand of flame (11) at 0,1 (Duvessa;
                  | floor).
  2942 | D:4      | 2942 ||| ZAPPING wand of flame (10) at 0,1 (Duvessa;
                  | floor).
  2942 | D:4      | Killed Duvessa
  2943 | D:4      | Reached XP level 7. HP: 14/43 MP: 7/7
  2944 | D:4      | Killed Dowan
  2945 | D:4      | 2945 ||| FLEEEEING.
  2950 | D:4      | 2950 ||| STAIRDANCE
  3049 | D:3      | 3049 ||| DRINKING 2 viscous coppery potions.
  3074 | D:4      | Found a staircase to the Ecumenical Temple.
  3075 | D:4      | 3075 ||| PLANNING TEMPLE
  3080 | Temple   | Entered the Ecumenical Temple
  3081 | Temple   | 3081 ||| PLANNING OKAWARU WORSHIP
  3087 | Temple   | Became a worshipper of Warmaster Okawaru
  3088 | Temple   | 3088 ||| PLANNING D:1-11
  3189 | D:4      | 3189 ||| FLEEEEING.
  3298 | D:4      | Noticed Grinder
  3299 | D:4      | 3299 ||| DRINKING potion of haste.
  3315 | D:4      | Killed Grinder
  3316 | D:4      | Reached skill level 8 in Ranged Weapons
  3335 | D:4      | Found a sacrificial altar of Ru.
  3454 | D:4      | 3454 ||| READING scroll of identify.
  3454 | D:4      | 3454 ||| IDENTIFYING viscous puce potion
  3455 | D:4      | 3455 ||| DROPPING potion of degeneration.
  3484 | D:5      | Entered Level 5 of the Dungeon
  3670 | D:5      | Found a hazy altar of Hepliaklqana.
  3670 | D:5      | Found a burning altar of Makhleb.
  3727 | D:5      | Reached XP level 8. HP: 48/48 MP: 8/8
  3741 | D:5      | 3741 ||| FLEEEEING.
  3744 | D:5      | 3744 ||| STAIRDANCE
  3746 | D:4      | 3746 ||| READING scroll labelled QENOFU CUARI.
  3770 | D:5      | Reached * piety under Okawaru
  3886 | D:5      | HP: 11/49 [centaur/arrow (3)]
  3887 | D:5      | 3887 ||| READING 3 scrolls of teleportation.
  3887 | D:5      | HP: 4/49 [centaur/arrow (7)]
  3887 | D:5      | HP: 1/49 [centaur/arrow (3)]
  4017 | D:5      | 4017 ||| FLEEEEING.
  4128 | D:5      | 4128 ||| FLEEEEING.
  4135 | D:5      | 4135 ||| STAIRDANCE
  4199 | D:5      | Reached skill level 1 in Armour
  4199 | D:5      | Reached skill level 1 in Invocations
  4410 | D:6      | 4410 ||| RETREEEEATING.
  4411 | D:6      | 4411 ||| RETREEEEATING.
  4412 | D:6      | 4412 ||| RETREEEEATING.
  4413 | D:6      | 4413 ||| RETREEEEATING.
  4415 | D:6      | 4415 ||| RETREEEEATING.
  4416 | D:6      | 4416 ||| RETREEEEATING.
  4417 | D:6      | 4417 ||| RETREEEEATING.
  4418 | D:6      | 4418 ||| RETREEEEATING.
  4419 | D:6      | 4419 ||| RETREEEEATING.
  4420 | D:6      | 4420 ||| RETREEEEATING.
  4457 | D:6      | 4457 ||| RETREEEEATING.
  4463 | D:6      | 4463 ||| RETREEEEATING.
  4464 | D:6      | 4464 ||| RETREEEEATING.
  4465 | D:6      | 4465 ||| RETREEEEATING.
  4465 | D:6      | HP: 11/49 [killer bee (5)]
  4466 | D:6      | 4466 ||| READING 3 scrolls of teleportation.
  4466 | D:6      | HP: 4/49 [killer bee (7)]
  4467 | D:6      | 4467 ||| RETREEEEATING.
  4468 | D:6      | 4468 ||| RETREEEEATING.
  4468 | D:6      | Slain by a killer bee

Levels and vault maps discovered:
D:1:      psy_arrival_terrarium, layout_loops_corners
D:2:      layout_basic
D:3:      layout_basic, fedhas_altar_2, chequers_serial_rivers_marsh,
          uniq_terence, uniq_sigmund
D:4:      layout_rooms, nicolae_overflow_hidden_temple,
          nicolae_ru_the_path_less_chosen, minmay_temple_entry_hall,
          uniq_grinder, uniq_duvessa
D:5:      layout_gridville, gammafunk_temple_overflow_wave, serial_glass,
          glass_columns_a, glass_columns_b, minmay_strange_pillars,
          due_unseen_surprise
D:6:      minmay_spotlight, layout_rooms, grunt_potential
Temple:   nicolae_temple_no_exploring_needed

Skill      XL: |  1  2  3  4  5  6  7  8 |
---------------+-------------------------+-----
Ranged Weapons | 5 6 7 8 |  8.5
Fighting       | 3 4 5 |  5.3
Dodging        | 2 |  2.9
Armour         | 1 |  1.3
Invocations    | 2 |  2.5
Stealth        | |  1.1

Action                     |  1- 3 |  4- 6 |  7- 9 || total
---------------------------+-------+-------+-------++-------
   Fire: Shortbow          |   124 |   173 |   142 ||   439
  Evoke: Wand              |       |    19 |       ||    19
    Use: Scroll            |     3 |    10 |     4 ||    17
         Potion            |     1 |     1 |     2 ||     4
 Armour: Leather armour    |    23 |     7 |       ||    30
         Robe              |       |    72 |    60 ||   132
  Dodge: Dodged            |    27 |    58 |    68 ||   153
  Block: Other             |     3 |     7 |       ||    10

Table legend:
 A = Non-vault XP
 B = Vault XP
 C = Vault XP percentage of total XP
 D = Non-vault monster count
 E = Vault monster count
 F = Vault count percentage of total count
                 A         B        C        D         E       F
            +---------+---------+-------+---------+---------+-------
      Total |     874 |     793 |  47.6 |     101 |       6 |   5.6
            +---------+---------+-------+---------+---------+-------
        D:1 |      48 |       0 |   0.0 |      28 |       0 |   0.0
        D:2 |      60 |       0 |   0.0 |      20 |       0 |   0.0
        D:3 |     148 |     250 |  62.8 |      28 |       2 |   6.7
        D:4 |      80 |     504 |  86.3 |      11 |       3 |  21.4
        D:5 |     358 |       0 |   0.0 |      10 |       0 |   0.0
        D:6 |     180 |      39 |  17.8 |       4 |       1 |  20.0
            +---------+---------+-------+---------+---------+-------
